 Dungeon Crawl Stone Soup version 0.28-a0-661-g144af121cd (webtiles) character file.

Game seed: 9014538277174568851

22 MacCMillion the Chiller (level 2, 15/15 HPs)
             Began as a Gargoyle Ice Elementalist on Oct 14, 2021.
             Was a Plaything of Xom.
             Quit the game on level 1 of the Dungeon.
             The game lasted 00:02:54 (611 turns).

MacCMillion the Chiller (Gargoyle Ice Elementalist)  Turns: 611, Time: 00:02:54

Health: 15/15      AC:  4    Str: 11    XL:     2   Next: 91%
Magic:  5/5        EV: 11    Int: 15    God:    Xom [..*...]
Gold:   0          SH:  0    Dex: 10    Spells: 4/5 levels left

rFire   . . .      SeeInvis .   a - +0 dagger (vamp)
rCold   . . .      Faith    .   (no shield)
rNeg    + . .      Spirit   .   c - +0 robe
rPois   ∞          Reflect  .   (no helmet)
rElec   +          Harm     .   (no cloak)
rCorr   .          Rampage  .   (no gloves)
Will    .....                   (no boots)
Stlth   ++........              (no amulet)
HPRegen 0.05/turn               (no ring)
MPRegen 0.09/turn               (no ring)

@: no status effects
A: sickness immunity, AC +2, negative energy resistance 1, electricity
resistance, torment resistance 1, petrification resistance
a: Renounce Religion


You were on level 1 of the Dungeon.
You worshipped Xom.
You were a toy of Xom.
You visited 1 branch of the dungeon, and saw 1 of its levels.

Inventory:

Hand Weapons
 a - a +0 vampiric dagger (weapon)
Armour
 c - a +0 robe (worn)
Scrolls
 b - a scroll of teleportation {unknown}
 d - a scroll of magic mapping {unknown}
 e - a scroll of amnesia {unknown}
Potions
 f - a potion of heal wounds {unknown}


   Skills:
 - Level 1.5 Dodging
 + Level 2.2 Stealth
 - Level 2.0 Spellcasting
 * Level 4.8 Ice Magic


You had 4 spell levels left.
You knew the following spells:

 Your Spells              Type           Power      Damage    Failure   Level
a - Freeze                Ice            64%        1d8       3%          1

Your spell library contained the following spells:

 Spells                   Type           Power      Damage    Failure   Level
 Frozen Ramparts          Ice            32%        1d5       9%          3
 Ozocubu's Armour         Ice            16%        N/A       9%          3
 Hailstorm                Conj/Ice       8%         3d4       63%         4


Dungeon Overview and Level Annotations

Branches:
Dungeon (1/15)

Altars:
Xom


Innate Abilities, Weirdness & Mutations

You are immune to sickness and miasma.
Your stone body is resilient. (AC +2)
You are immune to poison.
You resist negative energy. (rN+)
You are resistant to electric shocks. (rElec)
You are resistant to unholy torment.
You are immune to petrification.


Message History

The bat is heavily wounded.
The bat hits you but does no damage.
You barely miss the bat.
The bat is moderately wounded.
The bat barely misses you.
You freeze the hobgoblin.
You kill the hobgoblin!
The bat hits you but does no damage.
You miss the bat. The bat barely misses you. The bat closely misses you.
You closely miss the bat. The bat closely misses you.
You closely miss the bat. The bat closely misses you.
You hit the bat.
You feel better.
You kill the bat!
Magic restored.
HP restored.
You see here a bat corpse.
Things that are here:
a +0 short sword; 4 stones; a kobold corpse As you open the door, it creaks loudly!
There is an open door here.
A giant cockroach comes into view.
A giant cockroach is nearby!
You freeze the giant cockroach.
You kill the giant cockroach!
Key pressed, stopping explore.
d - a scroll labelled TIWADUTUGO
There is an open door here.
You see here a giant cockroach corpse.
Things that are here:
a +0 club; a stone; a kobold skeleton
e - a scroll labelled GEUKHL VEINEGIE You see here a jackal skeleton.
f - a blue potion
There is a fountain of clear blue water here.
There is a faded altar of an unknown god here.
You cannot tell which god this altar belongs to.
Convert to them anyway?
Xom accepts your prayer! Xom welcomes you!
Xom is very intrigued!
Are you sure you want to abandon this character and quit the game? (Confirm with "yes".)

#..##.# #.##..#######
#.#...# #(. ##.# #.....#
#.####.####
#.#.#####.##......#
#.#.......##..###.######
#........#..# #.......
#..8.⌠.8.#÷.# #..#####
#.#..........####..#####
.....⌠.@.⌠..............
..#................#####
#..8.⌠.8..########
#.........# #.........#
........#### ##########


There were no monsters in sight!

Vanquished Creatures
  2 bats (D:1)
  6 giant cockroaches (D:1)
  A goblin (D:1)
  2 hobgoblins (D:1)
  3 jackals (D:1)
  A frilled lizard (D:1)
  2 kobolds (D:1)
17 creatures vanquished.

Notes
Turn   | Place    | Note
-------+----------+-------------------------------------------
     0 | D:1      | MacCMillion the Gargoyle Ice Elementalist began the quest
                  | for the Orb.
     0 | D:1      | Reached XP level 1. HP: 10/10 MP: 3/3
   238 | D:1      | Reached XP level 2. HP: 15/15 MP: 1/5
   340 | D:1      | Found a faded altar of an unknown god.
   610 | D:1      | Prayed at the altar of an unknown god.
   610 | D:1      | Became a worshipper of Xom of Chaos
   611 | D:1      | Quit the game

Illustrated notes

Levels and vault maps discovered:
D:1:      sevenhm_arrival_forest_fort_large_2, layout_basic,
          hellmonk_ecumenical_altar_dog_temple, minmay_worlds_worst_comb

Action                   || total
-------------------------++-------
Melee: Dagger            ||    33
 Cast: Freeze            ||    18
 Stab: Sleeping          ||     3
Armor: Robe              ||    18
Dodge: Dodged            ||    39

Table legend: (Time is in decaauts)
 A = Elapsed time spent in this place.
 B = Non-inter-level travel time spent in this place.
 C = Inter-level travel time spent in this place.
 D = Time resting spent in this place.
 E = Time spent auto-exploring this place.
 F = Levels seen in this place.
 G = Mean time per level.
                   A        B        C        D        E       F      G
               +--------+--------+--------+--------+--------+-----+--------+
         Total |    610 |    610 |      0 |      2 |    459 |   1 |  610.0 |
       Dungeon |    610 |    610 |      0 |      2 |    459 |   1 |  610.0 |
               +--------+--------+--------+--------+--------+-----+--------+

Top non-repeatable levels by time:
     D:1: 610 daAuts
